 Dungeon Crawl Stone Soup version 0.26.0-45-g9c1d065592 (webtiles) character file.

Game seed: 5276018720107906450

913 Araneus the Martial Artist (level 7, -2/52 HPs)
             Began as a Demonspawn Monk on Jan 29, 2021.
             Killed by nerve-wracking pain
             ... invoked by Grinder
              (10 damage)
             ... on level 6 of the Dungeon.
             The game lasted 00:11:40 (5720 turns).

Araneus the Martial Artist (Demonspawn Monk)        Turns: 5720, Time: 00:11:40

Health: -2/52      AC:  7    Str: 13    XL:     7   Next: 82%
Magic:  7/7        EV: 12    Int: 11    God:
Gold:   315        SH:  0    Dex: 16    Spells: 6/6 levels left

rFire    . . .     SeeInvis +     - Unarmed
rCold    + . .     Faith    .   (no shield)
rNeg     . . .     Spirit   .   q - +0 ring mail
rPois    .         Reflect  .   (helmet restricted)
rElec    .         Harm     .   (no cloak)
rCorr    .         Rampage  .   (no gloves)
Will     .....                  (no boots)
Stlth    +.........             (no amulet)
HPRegen  0.17/turn              e - +4 ring of slaying
MPRegen  0.10/turn              r - ring of see invisible

@: no status effects
A: horns 2, thin metallic scales 1, cold resistance 1, demonic guardian 1
a: no special abilities


You were on level 6 of the Dungeon.
You visited 1 branch of the dungeon, and saw 6 of its levels.

You collected 315 gold pieces.

Inventory:

Missiles
 b - 32 poisoned darts (quivered)
Armour
 q - a +0 ring mail (worn)
Jewellery
 e - a +4 ring of slaying (left hand)
 r - a ring of see invisible (right hand)
Wands
 o - a wand of disintegration (11)
Scrolls
 c - 7 scrolls of remove curse
 d - a scroll of magic mapping
 f - 2 scrolls of enchant weapon
 i - a scroll of identify
 n - 5 scrolls of teleportation
Potions
 a - 2 potions of ambrosia
 g - 2 potions of magic
 h - a potion of flight
 j - 3 potions of haste
 k - 2 potions of might
 l - a potion of attraction {unknown}
 m - 4 potions of curing


   Skills:
 * Level 3.6 Fighting
 + Level 1.7 Armour
 + Level 3.0 Dodging
 - Level 1.7 Stealth
 + Level 8.1 Unarmed Combat


You had 6 spell levels left.
You didn't know any spells.
Your spell library was empty.

Dungeon Overview and Level Annotations

Branches:
Dungeon (6/15)
 Temple: D:4-7

Altars:
Ashenzari
Fedhas
Hepliaklqana
Vehumet
Zin

Shops:
D:4 [*

Annotations:
D:6 Grinder


Innate Abilities, Weirdness & Mutations

You have a pair of horns on your head.
You are partially covered in thin metallic scales. (AC +2)
Your flesh is cold resistant. (rC+)
A weak demonic guardian rushes to your aid.


Message History

You hit Grinder. You headbutt Grinder.
Grinder is heavily wounded.
You hit Grinder.
Grinder is severely wounded.
Grinder gestures at you.
You suddenly lose the ability to move!
Grinder gestures at you. Pain shoots through your body!
* * * LOW HITPOINT WARNING * * *
Grinder hits you but does no damage. Grinder hits you.
* * * LOW HITPOINT WARNING * * *
Grinder gestures at you. Pain shoots through your body!
* * * LOW HITPOINT WARNING * * *
Grinder completely misses you.
You can move again.
Grinder gestures at you. Pain shoots through your body!
You die...

#####...#####
............#
##.#...##..#
#.##.###..# #.##.#
#..# # #.##.# #5.#
#
#..###.##.###..#.#
#................#
##.###@##.###..###
#5.5........#
####.######.#
###.# .# ..#.# #
#.#.# #. #.#.#
#.####.#.##
#.#.......#


You could see Grinder and a friendly ufetubus (summoned).

Vanquished Creatures
  An ice beast (D:6)
  A phantom (D:5)
  An ogre (D:4)
  A howler monkey (D:6)
  2 orc priests (D:5)
  An iguana (D:6)
  4 orc wizards
  3 worker ants (D:4)
  A howler monkey skeleton (D:4)
  10 adders
  A shadow imp (D:5)
  2 white imps
  2 ufetubi (D:6)
  A worm (D:2)
  An adder skeleton (D:5)
  A dart slug (D:1)
  A leopard gecko (D:2)
  8 orcs
  2 ball pythons
  6 bats
  6 giant cockroaches
  7 goblins
  6 hobgoblins
  8 jackals
  5 kobolds
  A quokka (D:6)
  5 frilled lizards
  A jackal zombie (D:5)
  10 rats
99 creatures vanquished.

Vanquished Creatures (collateral kills)
  An ogre (D:4)
  A bullfrog (D:3)
  An adder (D:4)
  A howler monkey skeleton (D:4)
  3 orcs
7 creatures vanquished.

Grand Total: 106 creatures vanquished

Notes
Turn   | Place    | Note
-------+----------+-------------------------------------------
     0 | D:1      | Araneus the Demonspawn Monk began the quest for the Orb.
     0 | D:1      | Reached XP level 1. HP: 18/18 MP: 1/1
   120 | D:1      | Reached skill level 3 in Unarmed Combat
   225 | D:1      | Gained mutation: You have a pair of small horns on your
                  | head. [demonic ancestry]
   225 | D:1      | Reached XP level 2. HP: 23/24 MP: 2/2
   877 | D:1      | Gained mutation: You are partially covered in thin metallic
                  | scales. (AC +2) [demonic ancestry]
   877 | D:1      | Reached XP level 3. HP: 25/29 MP: 3/3
  1268 | D:2      | Reached skill level 4 in Unarmed Combat
  1284 | D:2      | HP: 1/29 [worm (6)]
  2025 | D:2      | Gained mutation: A weak demonic guardian rushes to your
                  | aid. [demonic ancestry]
  2025 | D:2      | Reached XP level 4. HP: 25/35 MP: 4/4
  2475 | D:3      | Found a radiant altar of Vehumet.
  2475 | D:3      | Found a blossoming altar of Fedhas.
  2559 | D:3      | Reached skill level 5 in Unarmed Combat
  2894 | D:3      | Noticed a bullfrog
  2903 | D:3      | Killed a bullfrog
  2904 | D:3      | Gained mutation: Your flesh is cold resistant. (rC+)
                  | [demonic ancestry]
  2904 | D:3      | Reached XP level 5. HP: 39/41 MP: 5/5
  3485 | D:4      | Found a broken altar of Ashenzari.
  3632 | D:4      | Found a hazy altar of Hepliaklqana.
  3699 | D:4      | Reached skill level 6 in Unarmed Combat
  3857 | D:4      | Found Zin's Purification Station.
  3860 | D:4      | Found a glowing silver altar of Zin.
  3896 | D:4      | Reached XP level 6. HP: 44/47 MP: 6/6
  4332 | D:4      | Found Buraurei's Armour Shoppe.
  4415 | D:4      | Reached skill level 7 in Unarmed Combat
  4624 | D:5      | Entered Level 5 of the Dungeon
  4638 | D:5      | Gained mutation: You have a pair of horns on your head.
                  | [demonic ancestry]
  4638 | D:5      | Reached XP level 7. HP: 40/52 MP: 7/7
  4905 | D:5      | Reached skill level 1 in Armour
  5609 | D:6      | Reached skill level 8 in Unarmed Combat
  5643 | D:6      | Noticed Grinder
  5645 | D:6      | Paralysed by Grinder for 7 turns
  5714 | D:6      | Paralysed by Grinder for 5 turns
  5720 | D:6      | Killed from afar by Grinder

Illustrated notes

Levels and vault maps discovered:
D:1:      psy_arrival_fountain, layout_basic, minmay_cut_off
D:2:      layout_loops_ring
D:3:      layout_basic, chequers_temple_overflow_statue_of_worship
D:4:      layout_gridville, cheibrodos_ashenzari_chains,
          nzn_hepliaklqana_mist_gate, zin_purify, serial_shops,
          nicolae_shop_waterfront, st_stairs_1, grunt_ministairs_1,
          minmay_between
D:5:      layout_cave_pools, minmay_tree_intersection
D:6:      layout_loops_ring, grunt_temple_overflow_opulence,
          lightli_corner_chamber, uniq_grinder, uniq_prince_ribbit1

Skill      XL: |  1  2  3  4  5  6  7 |
---------------+----------------------+-----
Unarmed Combat | 3 4 5 6 7 8 |  8.1
Armour         | 1 |  1.7
Dodging        | 3 |  3.0
Fighting       | |  3.6
Stealth        | |  1.7

Action                   |  1- 3 |  4- 6 |  7- 9 || total
-------------------------+-------+-------+-------++-------
Melee: Unarmed           |   150 |   171 |    63 ||   384
       Headbutt          |    13 |    26 |     8 ||    47
       Punch             |       |     3 |     3 ||     6
  Use: Potion            |     1 |       |       ||     1
       Scroll            |       |    14 |     2 ||    16
 Stab: Sleeping          |     7 |     3 |       ||    10
       Distracted        |       |       |     1 ||     1
Armor: Robe              |    30 |     1 |       ||    31
       Ring mail         |       |    58 |    26 ||    84
Dodge: Dodged            |    99 |   120 |    38 ||   257
